 Dungeon Crawl Stone Soup version 0.28-a0-224-g76b539d98b (webtiles) character file.

Game seed: 6912115621224254502

427776 freelancePsychic the Warrior (level 23, -12/239 (254) HPs)
             Began as an Ogre Warper on Aug 21, 2021.
             Was the Champion of Cheibriados.
             Killed from afar by a tengu reaver (28 damage)
             ... with a bolt of lightning
             ... on level 5 of the Vaults.
             The game lasted 01:55:13 (54363 turns).

freelancePsychic the Warrior (Ogre Warper)         Turns: 54363, Time: 01:55:13

HP:   -12/239 (254) AC: 27    Str: 37    XL:     23   Next: 84%
MP:   22/39         EV:  8    Int: 32    God:    Cheibriados [******]
Gold: 981           SH: 28    Dex: 34    Spells: 22/46 levels left

rFire   + + +      SeeInvis +   a - +8 broad axe "Qote" {freeze, Dex+4}
rCold   + + .      Faith    .   X - +1 tower shield {rC+}
rNeg    . . .      Spirit   .   H - +7 gold dragon scales
rPois   +          Reflect  +   B - +0 hat
rElec   .          Harm     .   R - +2 cloak "Vexaq" {Regen+}
rCorr   .          Rampage  .   (gloves unavailable)
Will    ++...                   (boots unavailable)
Stlth   ..........              i - amulet of reflection
HPRegen 1.49/turn               y - ring of wizardry
MPRegen 0.26/turn               M - ring of Biuwin {rPois rF+++ Int-2 Dex+6 SInv}

@: lethally poisoned (-12 -> -12), about to teleport, corroded, drained, very
slow
A: large, unfitting armour, tough skin 1
}: 2/15 runes: decaying, serpentine
a: Renounce Religion, Bend Time, Temporal Distortion, Slouch, Step From Time


You were on level 5 of the Vaults.
You worshipped Cheibriados.
Cheibriados was exalted by your worship.
You visited 8 branches of the dungeon, and saw 40 of its levels.
You also visited: Gauntlet, Ice Cave and Desolation.

You collected 5293 gold pieces.
You spent 4312 gold pieces at shops.

Inventory:

Hand Weapons
 a - the +8 broad axe "Qote" (weapon) {freeze, Dex+4}
   (You acquired it on level 2 of the Dungeon)

   It freezes those it strikes, dealing additional cold damage.
   It can also slow down cold-blooded creatures.
   Dex:       It affects your dexterity (+4).
 b - the +5 demon whip "Spellbinder" {antimagic, Will+}
   (You found it in a Gauntlet)

   It reduces the magical energy of the wielder, and disrupts the spells and
   magical abilities of those it strikes.
   Natural abilities and divine invocations are not affected.
   It unleashes wild and unpredictable magical effects upon striking a wizard or
   a creature with magical abilities.
   Will:      It increases your willpower.
 d - the +7 sceptre of Torment {pain, torment}
   (You bought it in a shop on level 2 of the Orcish Mines)

   In the hands of one skilled in necromantic magic, it inflicts extra damage on
   living creatures.
   It occasionally torments all nearby living foes when it strikes in combat.
Missiles
 k - 43 boomerangs (quivered)
 G - 16 large rocks
 U - 12 silver javelins
 Z - 8 javelins
Armour
 B - a +0 hat (worn)
 H - +7 gold dragon scales (worn)
 R - the +2 cloak "Vexaq" (worn) {Regen+}
   (You found it in a Gauntlet)

   Regen:     It increases your rate of health regeneration.
 X - a +1 tower shield of cold resistance (worn)
Jewellery
 g - a ring of willpower
 i - an amulet of reflection (around neck)
 q - a ring of protection from fire
 t - the ring of New Discoveries {*Slow rC++ rN+ Str+3 SInv}
   (You acquired it on level 1 of the Swamp)

   [ring of see invisible]

   Str:       It affects your strength (+3).
   rC:        It greatly protects you from cold.
   rN:        It protects you from negative energy.
   SInv:      It lets you see invisible.
   *Slow:     It may slow you when you take damage.
 u - a ring of flight
 y - a ring of wizardry (left hand)
 L - a ring of protection from cold
 M - the ring of Biuwin (right hand) {rPois rF+++ Int-2 Dex+6 SInv}
   (You found it in the Desolation of Salt)

   [ring of dexterity]

   Int:       It affects your intelligence (-2).
   Dex:       It affects your dexterity (+6).
   rF:        It renders you almost immune to fire.
   rPois:     It protects you from poison.
   SInv:      It lets you see invisible.
 N - a +4 ring of evasion
 O - a ring of poison resistance
Wands
 v - a wand of polymorph (38)
 C - a wand of mindburst (4)
 D - a wand of flame (107)
 E - a wand of digging (12)
 S - a wand of iceblast (10)
 V - a wand of acid (29)
 Y - a wand of paralysis (9)
Scrolls
 c - 3 scrolls of blinking
 h - a scroll of teleportation {@r4}
 o - 4 scrolls of silence
 r - 5 scrolls of magic mapping
 s - a scroll of immolation
 w - 16 scrolls of identify {@r1}
 A - 7 scrolls of amnesia
 J - a scroll of summoning
 P - 3 scrolls of fear
 Q - 2 scrolls of holy word
 T - 4 scrolls of fog
 W - a scroll of brand weapon
Potions
 e - 5 potions of mutation
 f - a potion of heal wounds {@q2}
 j - 6 potions of cancellation
 l - 5 potions of magic
 m - 10 potions of flight
 n - 3 potions of resistance
 p - 4 potions of brilliance
 x - 12 potions of curing {@q1}
 z - 13 potions of ambrosia
 F - a potion of might
 I - a potion of invisibility
Miscellaneous
 K - a phantom mirror


   Skills:
 - Level 19.7 Fighting
 - Level 15.0(18.0) Axes
 - Level 15.6(17.5) Maces & Flails
 - Level 1.6 Throwing
 - Level 13.8 Armour
 - Level 4.3 Dodging
 + Level 11.4 Shields
 - Level 12.1 Spellcasting
 - Level 11.0 Summonings
 - Level 7.2 Necromancy
 - Level 13.8 Translocations
 + Level 10.7 Invocations


You had 22 spell levels left.
You knew the following spells:

 Your Spells              Type           Power      Damage    Failure   Level
a - Blink                 Tloc           N/A        N/A       1%          2
b - Teleport Other        Tloc           82%        N/A       1%          3
c - Manifold Assault      Tloc           82%        N/A       2%          5
d - Passage of Golubria   Tloc           N/A        N/A       1%          4
e - Lesser Beckoning      Tloc           41%        N/A       1%          3
f - Malign Gateway        Summ/Tloc      39%        N/A       71%         7

Your spell library contained the following spells:

 Spells                   Type           Power      Damage    Failure   Level
 Animate Skeleton         Necr           100%       N/A       1%          1
 Apportation              Tloc           100%       N/A       1%          1
 Pain                     Necr           100%       1d9       1%          1
 Summon Small Mammal      Summ           100%       N/A       1%          1
 Call Canine Familiar     Summ           74%        N/A       1%          3
 Gell's Gravitas          Tloc           41%        N/A       1%          3
 Vampiric Draining        Necr           30%        2d10      3%          3
 Portal Projectile        Hex/Tloc       100%       N/A       4%          3
 Corpse Rot               Necr/Air       N/A        N/A       8%          2
 Animate Dead             Necr           30%        N/A       12%         4
 Dispel Undead            Necr           60%        3d21      12%         4
 Dispersal                Tloc           41%        N/A       12%         6
 Iskenderun's Mystic Bla  Conj/Tloc      59%        2d12      13%         4
 Beastly Appendage        Tmut           38%        N/A       22%         1
 Corona                   Hex            21%        N/A       22%         1
 Foxfire                  Conj/Fire      76%        2x1d7     22%         1
 Magic Dart               Conj           76%        1d6       22%         1
 Sting                    Tmut/Pois      76%        1d6       22%         1
 Animate Armour           Summ/Erth      100%       N/A       22%         4
 Summon Ice Beast         Ice/Summ       53%        N/A       22%         4
 Summon Lightning Spire   Summ/Air       53%        N/A       22%         4
 Poisonous Vapours        Pois/Air       38%        N/A       32%         2
 Searing Ray              Conj           38%        3d4       32%         2
 Slow                     Hex            19%        N/A       32%         2
 Wereblood                Tmut           19%        N/A       32%         2
 Confusing Touch          Hex            19%        N/A       52%         3
 Conjure Flame            Conj/Fire      19%        6-21      52%         3
 Frozen Ramparts          Ice            38%        1d5       52%         3
 Inner Flame              Hex/Fire       19%        N/A       52%         3
 Ozocubu's Armour         Ice            19%        N/A       52%         3
 Spider Form              Tmut/Pois      9%         N/A       52%         3
 Stone Arrow              Conj/Erth      38%        3d9       52%         3
 Tukima's Dance           Hex            19%        N/A       52%         3
 Borgnjor's Vile Clutch   Necr/Erth      21%        N/A       77%         5
 Death Channel            Necr           30%        N/A       83%         6
 Airstrike                Air            9%         N/A       89%         4
 Fulminant Prism          Conj/Hex       9%         3d7       89%         4
 Hailstorm                Conj/Ice       19%        3d6       89%         4
 Ice Form                 Ice/Tmut       19%        N/A       89%         4
 Leda's Liquefaction      Hex/Erth       9%         N/A       89%         4
 Olgreb's Toxic Radiance  Pois           19%        N/A       89%         4
 Alistair's Intoxication  Tmut/Pois      12%        N/A       99%         5
 Blade Hands              Tmut           9%         N/A       99%         5
 Irradiate                Conj/Tmut      9%         3d16      99%         5
 Lee's Rapid Deconstruct  Erth           9%         3d8*      99%         5
 Lightning Bolt           Conj/Air       9%         1d22      99%         5
 Yara's Violent Unravell  Hex/Tmut       9%         3d6       99%         5
 Simulacrum               Ice/Necr       21%        N/A       99%         6
 Disjunction              Tloc           41%        N/A       99%         8
 Eringya's Noxious Bog    Tmut/Pois      9%         N/A       100%        6
 Dragon Form              Tmut           9%         N/A       100%        7
 Ozocubu's Refrigeration  Ice            9%         4d6       100%        7
 Lehudib's Crystal Spear  Conj/Erth      9%         10d4      100%        8
 Summon Horrible Things   Summ           37%        N/A       100%        8
 Chain Lightning          Conj/Air       9%         3d12      100%        9
 Fire Storm               Conj/Fire      9%         8d3       100%        9


Dungeon Overview and Level Annotations

Branches:
Dungeon (15/15)            Temple (1/1) D:4            Lair (6/6) D:10
  Swamp (4/4) Lair:4        Snake (4/4) Lair:3        Slime (0/5) Lair:5
    Orc (2/2) D:10            Elf (3/3) Orc:2        Vaults (5/5) D:13
  Crypt (0/3) Vaults:3     Depths (0/5) D:15          IceCv (visited)
Desolation (visited)      Gauntlet (visited)

Altars:
Ashenzari
Cheibriados
Dithmenos
Elyvilon
Fedhas
Hepliaklqana
Kikubaaqudgha
Makhleb
Nemelex Xobeh
Okawaru
Qazlal
Sif Muna
Trog
Uskayaw
Vehumet
Wu Jian
Xom
Yredelemnul
Zin
The Shining One
Beogh

Shops:
D:3 :   D:7 :   D:10 !   D:12 =   Orc:2 ([*=   Snake:1 *   Vaults:3 [

Portals:
Trove: D:15 (give 8 scrolls of fog)

Annotations:
D:9 2 transporters
Lair:2 exclusion: 2 oklob plants
Swamp:2 2 transporters, RandomusNamus's ghost, adept DrBe
Elf:1 6 runed translucent doors
Elf:3 1 runed translucent door, Eciono's ghost, adept GnDe


Innate Abilities, Weirdness & Mutations

You are too large for most types of armour.
You have tough skin. (AC +1)


Message History

The vault warden is severely wounded.
You miss the tengu reaver.
You feel sick. You block the tengu reaver's attack.
The tengu reaver pecks you but does no damage.
The tengu reaver claws you but does no damage.
The vault warden hits you with a +3 great sword of electrocution!!
You are electrocuted!
You closely miss the vault warden.
The vault warden is severely wounded.
You miss the tengu reaver.
You feel sick.
An ironbound preserver comes into view. It is wielding a +0 morningstar.
The tengu reaver hits you with a +0 dire flail.
The tengu reaver pecks you but does no damage.
You block the tengu reaver's attack.
You closely miss the vault warden.
The vault warden is severely wounded.
Your shield prevents you from hitting the tengu reaver.
You feel sick.
The vault warden hits you with a +3 great sword of electrocution!!!
* * * LOW HITPOINT WARNING * * *
You are electrocuted!
* * * LOW HITPOINT WARNING * * *
You block the tengu reaver's attack. The tengu reaver pecks you.
* * * LOW HITPOINT WARNING * * *
You block the tengu reaver's attack.
You slash the vault warden! You freeze the vault warden.
The vault warden is severely wounded.
You slice the green very ugly thing!! You freeze the green very ugly thing!
You slash the tengu reaver! You freeze the tengu reaver.
You feel sick.
The green very ugly thing completely misses you.
The vault warden hits you with a +3 great sword of electrocution!
* * * LOW HITPOINT WARNING * * *
Blink to where?
Press: ? - help, Dir - move target
As you read the scroll of blinking, it crumbles to dust.
You feel sick.
As you read the scroll of teleportation {@r4}, it crumbles to dust.
You feel strangely unstable.
You feel sick. The tengu reaver casts a spell at you.
The bolt of lightning hits you!!
You die...

#....# #....#
#^...# #....#
#....# #....#
#....#
...##.@..#....
...#?...#....
...........
#####........###
.......Qu.....$.
.......[p<).....
......[<[[<.....
......[)ยง<[.....
#####.[[[[...###


You could see a green very ugly thing (strong), a vault warden (strong) and a
tengu reaver.

Vanquished Creatures
  Saint Roka (Orc:2)
  A golden dragon (Vaults:4)
  Rupert (Lair:5)
  2 tentacled monstrosities
  An ancient champion (Vaults:3)
  A titan (Vaults:4)
  3 sphinxes
  Kirke (Snake:3)
  4 thorn hunters
  2 fenstrider witches
  Agnes (Snake:1)
  A shadow dragon (Vaults:4)
  6 nagarajas
  2 tengu reavers (Vaults:3)
  The ghost of Phlounder the Eclecticist, an adept DsVM of Kikubaaqudgha (Swamp:4)
  5 deep elf sorcerers
  9 vault wardens
  3 imperial myrmidons (Desolation)
  6 deep elf elementalists
  A ghoul (Swamp:4)
  5 war gargoyles
  2 stone giants
  20 ironbound preservers
  A reaper (IceCv)
  Nessos (Lair:6)
  4 deep elf annihilators
  6 bunyips
  3 deep elf demonologists (Elf:1)
  Azrael (Elf:2)
  A vampire knight (Vaults:3)
  A minotaur (Gauntlet)
  A halazid warlock (Desolation)
  An entropy weaver (Vaults:2)
  4 dire elephants
  5 crystal guardians
  3 deep elf death magi
  7 fire dragons
  9 eleionomae
  3 shambling mangroves
  9 ragged hierophants (Desolation)
  2 great orbs of eyes
  3 salamander tyrants
  3 deep elf high priests
  10 yaktaur captains
  5 ironbound thunderhulks
  25 hydras
  5 peacekeepers
  9 anacondas
  An ogre mage (D:11)
  A spriggan air mage (Swamp:1)
  7 ghost crabs
  6 servants of whispers (Desolation)
  6 naga warriors
  41 vault guards
  A catoblepas (D:15)
  4 ironbound frosthearts
  12 centaur warriors
  7 boulder beetles
  An ice dragon (D:15)
  11 alligators
  8 two-headed ogres
  4 orc high priests
  2 death knights
  3 ironbound beastmasters
  34 dancing weapons
  5 death yaks (Lair:4)
  6 naga sharpshooters
  3 shock serpents
  A spriggan berserker (Swamp:2)
  A hell knight (Vaults:5)
  20 deep elf knights
  3 fire crabs (Swamp:4)
  64 deep trolls
  3 death drakes
  A glowing orange brain (Vaults:4)
  4 goliath frogs
  9 salamander mystics
  12 swamp dragons
  5 spriggan druids
  7 naga ritualists
  22 ironbound convokers
  9 bog bodies
  2 lindwurms (Lair:6)
  9 wizards
  10 deep elf archers
  2 phantasmal warriors
  29 ugly things
  45 deep elf pyromancers
  4 harpies (Vaults:3)
  8 mana vipers
  2 necromancers
  5 orc knights
  23 deep elf zephyrmancers
  A wolf spider (D:11)
  3 orc sorcerers
  A human zombie (Vaults:1)
  An oklob plant (Gauntlet)
  4 cyclopes
  3 will-o-the-wisps
  A moth of wrath (Orc:1)
  6 manticores
  12 elephants
  12 salamanders
  29 black mambas
  17 vault sentinels
  2 ice statues (IceCv)
  10 naga magi
  4 guardian serpents
  8 torpor snails
  A gargoyle (D:13)
  17 cane toads
  A minotaur zombie (Gauntlet)
  34 yaktaurs
  A komodo dragon (shapeshifter) (D:13)
  Maggie (D:9)
  A molten gargoyle (Desolation)
  An unseen horror (D:13)
  A kobold demonologist (D:12)
  2 efreet
  An anaconda simulacrum (IceCv)
  3 rime drakes
  16 komodo dragons
  2 entropy weaver simulacra (IceCv)
  A freezing wraith (D:13)
  6 ice devils (IceCv)
  A silent spectre (Orc:1)
  A queen bee (shapeshifter) (Vaults:4)
  12 tyrant leeches
  A troll (shapeshifter) (D:14)
  5 meliai
  2 queen bees
  A bloated husk (Swamp:4)
  3 polar bears
  8 trolls
  A sphinx simulacrum (Vaults:1)
  22 hornets
  32 slime creatures
  28 saltlings (Desolation)
  Grinder (D:3)
  14 blink frogs
  A redback (Vaults:2)
  3 air elementals
  14 spriggans
  A centaur simulacrum (D:11)
  A shadow (D:12)
  A wyvern (D:10)
  57 yaks
  A water elemental (D:14)
  A yak (shapeshifter) (Elf:1)
  2 vampires
  5 basilisks
  10 fire elementals
  A hog (Snake:3)
  2 wraiths
  Eustachio (D:4)
  A human (Snake:3)
  31 vampire mosquitoes
  3 small abominations (Gauntlet)
  12 swamp worms
  A harpy simulacrum (IceCv)
  4 wargs
  41 nagas
  4 steam dragons
  19 water moccasins
  7 acid dragons
  A large abomination (Gauntlet)
  4 hell hounds
  34 orc warriors
  2 meliai simulacra (D:14)
  An ice beast (D:6)
  3 sky beasts
  12 swamp drakes
  A necrophage (D:3)
  4 black bears
  8 ogres
  11 centaurs
  A boggart (D:11)
  14 wolves
  2 phantoms
  A kobold brigand (D:12)
  14 bullfrogs
  5 two-headed ogre simulacra (IceCv)
  A gnoll sergeant (D:5)
  2 earth elementals (Elf:1)
  A cane toad simulacrum (IceCv)
  An elephant simulacrum (IceCv)
  5 wights (D:6)
  25 killer bees
  10 howler monkeys
  An electric eel (Lair:4)
  3 human simulacra (Vaults:1)
  5 centaur zombies
  A hound (D:5)
  3 jellies
  22 orc priests
  3 gnoll shamans
  5 iguanas
  20 orc wizards
  3 troll simulacra (IceCv)
  A spriggan simulacrum (IceCv)
  2 wolf simulacra (IceCv)
  4 howler monkey zombies
  26 gnolls
  12 adders
  3 naga simulacra (IceCv)
  A shadow imp (D:6)
  13 white imps
  3 ufetubi
  3 dart slugs (D:1)
  87 orcs
  11 endoplasms
  2 giant cockroaches (D:1)
  5 goblins
  5 hobgoblins
  18 jackals
  14 kobolds
  4 quokkas
  7 ball pythons
  4 bats
  4 frilled lizards (D:1)
  9 rats
  A foxfire (Swamp:3)
1691 creatures vanquished.

Vanquished Creatures (collateral kills)
  A naga warrior (Snake:1)
  A shock serpent (Snake:1)
  A deep elf knight (Elf:3)
  A moth of wrath (Orc:1)
  A black mamba (Snake:1)
  A naga (Snake:1)
6 creatures vanquished.

Vanquished Creatures (others)
  A deep elf sorcerer (Elf:3)
  A deep elf elementalist (Elf:3)
  2 hydras (Swamp:4)
  2 deep elf knights
  2 deep elf pyromancers (Elf:1)
  3 will-o-the-wisps
  A deep elf zephyrmancer (Elf:2)
  A centaur zombie (D:11)
  A guardian serpent (Desolation)
  2 bloated husks
  A hornet (Swamp:4)
  2 spriggans
  3 humans (Snake:3)
  3 steam dragons (Swamp:4)
  A swamp worm (Swamp:4)
  3 swamp drakes (Swamp:4)
  An orc warrior (Orc:2)
  An orc wizard (D:11)
  A white imp (IceCv)
  3 orcs
  A briar patch (Swamp:1)
  10 foxfires
  37 fungi
  94 plants
177 creatures vanquished.

Grand Total: 1874 creatures vanquished

Notes
Turn   | Place    | Note
-------+----------+-------------------------------------------
     0 | D:1      | freelancePsychic the Ogre Warper began the quest for the
                  | Orb.
     0 | D:1      | Reached XP level 1. HP: 22/22 MP: 3/3
   342 | D:1      | HP: 1/22 [kobold (3)]
   704 | D:1      | Reached skill level 3 in Fighting
   772 | D:1      | Reached XP level 2. HP: 31/31 MP: 5/5
  1312 | D:1      | Reached XP level 3. HP: 32/37 MP: 6/6
  1758 | D:1      | Found a faded altar of an unknown god.
  2113 | D:2      | Learned a level 2 spell: Blink
  2137 | D:2      | Reached XP level 4. HP: 48/48 MP: 7/7
  2290 | D:2      | Identified a scroll of acquirement
  2290 | D:2      | Acquired the +8 broad axe "Qote" {freeze, Dex+4}
  2613 | D:1      | Learned a level 3 spell: Teleport Other
  2641 | D:3      | Found Boram's Book Emporium.
  2647 | D:3      | Reached skill level 4 in Fighting
  2689 | D:3      | Noticed Grinder
  2733 | D:3      | Paralysed by Grinder for 5 turns
  2745 | D:3      | Paralysed by Grinder for 7 turns
  2826 | D:3      | Killed Grinder
  2827 | D:3      | Reached skill level 5 in Fighting
  2827 | D:3      | Reached XP level 5. HP: 50/57 MP: 8/8
  2827 | D:3      | Reached XP level 6. HP: 58/66 MP: 9/9
  2949 | D:3      | Noticed a sky beast
  2957 | D:3      | Killed a sky beast
  3390 | D:4      | Reached XP level 7. HP: 50/74 MP: 10/10
  3403 | D:4      | Reached skill level 6 in Fighting
  4007 | D:4      | Noticed Eustachio
  4090 | D:4      | Killed Eustachio
  4091 | D:4      | Reached skill level 7 in Fighting
  4091 | D:4      | Reached XP level 8. HP: 70/87 MP: 11/11
  4253 | D:4      | Found a glowing silver altar of Zin.
  4578 | D:4      | Found a white marble altar of Elyvilon.
  4678 | D:4      | Found a staircase to the Ecumenical Temple.
  4769 | Temple   | Entered the Ecumenical Temple
  4849 | Temple   | Became a worshipper of Cheibriados the Contemplative
  4923 | D:5      | Entered Level 5 of the Dungeon
  5028 | D:5      | Reached skill level 5 in Axes
  5458 | D:5      | Reached skill level 8 in Fighting
  5553 | D:5      | Reached * piety under Cheibriados
  5654 | D:5      | Reached skill level 5 in Shields
  5747 | D:5      | Reached ** piety under Cheibriados
  5900 | D:5      | Reached XP level 9. HP: 93/97 MP: 12/12
  6044 | D:5      | Reached skill level 9 in Fighting
  6486 | D:5      | Reached *** piety under Cheibriados
  7101 | D:6      | Reached skill level 10 in Fighting
  7667 | D:6      | Found a burning altar of Makhleb.
  7678 | D:6      | Found a blossoming altar of Fedhas.
  7996 | D:7      | Reached XP level 10. HP: 95/110 MP: 13/13
  8080 | D:7      | Found an ornate altar of the Wu Jian Council.
  8137 | D:7      | Identified the +1 ring mail "Xolofab" {rElec rF+ Int-4
                  | SInv}
  8225 | D:7      | Reached **** piety under Cheibriados
  8498 | D:7      | Found Jicihing's Book Shop.
  8871 | D:8      | Found a sparkling altar of Nemelex Xobeh.
  8925 | D:8      | Acquired a +2 cloak of poison resistance
  9041 | D:8      | Found an iron altar of Okawaru.
  9231 | D:8      | Identified the +2 leather armour of Zin's Condemnation {rF+
                  | Dex+4}
  9338 | D:8      | Found a hazy altar of Hepliaklqana.
  9544 | D:8      | Learned a level 5 spell: Manifold Assault
  9608 | D:9      | Noticed a kobold demonologist
  9608 | D:9      | Noticed an orc high priest
  9608 | D:9      | Found a transporter.
  9608 | D:9      | Found the +9 sword of Zonguldrok {reap}
  9774 | D:9      | Noticed a two-headed ogre
 10140 | D:9      | Found a transporter.
 10215 | D:9      | Noticed a kobold demonologist
 10215 | D:9      | Noticed a kobold demonologist
 10215 | D:9      | Noticed a kobold demonologist
 10259 | D:9      | Reached skill level 1 in Armour
 10263 | D:9      | Noticed Maggie
 10403 | D:9      | Killed Maggie
 10409 | D:9      | Killed a two-headed ogre
 10639 | D:9      | Noticed a kobold demonologist
 10649 | D:9      | Reached XP level 11. HP: 118/118 MP: 15/15
 10711 | D:10     | Entered Level 10 of the Dungeon
 10728 | D:10     | Found a staircase to the Lair.
 10748 | D:10     | Reached ***** piety under Cheibriados
 11216 | D:10     | Found a shimmering altar of Xom.
 11227 | D:10     | Found Laxzal's Distillery.
 11278 | D:10     | Found a staircase to the Orcish Mines.
 11495 | D:10     | Identified the +4 great mace of Conscience {freeze, Str+4
                  | Int+5}
 11508 | D:10     | Noticed a two-headed ogre
 11516 | D:10     | Killed a two-headed ogre
 12527 | Lair:1   | Entered Level 1 of the Lair of Beasts
 12538 | Lair:1   | Reached skill level 10 in Axes
 12842 | Lair:1   | Noticed a six-headed hydra
 13088 | Lair:1   | Reached skill level 11 in Fighting
 13088 | Lair:1   | Reached skill level 5 in Armour
 13351 | Lair:1   | Noticed a four-headed hydra
 13541 | Lair:1   | Noticed a seven-headed hydra
 13553 | Lair:1   | Killed a 14-headed hydra
 13554 | Lair:1   | Reached XP level 12. HP: 27/130 MP: 16/16
 13933 | Lair:1   | Killed a 14-headed hydra
 14456 | Lair:2   | Reached skill level 12 in Fighting
 14650 | Lair:2   | Noticed a four-headed hydra
 14656 | Lair:2   | Killed a seven-headed hydra
 14709 | Lair:2   | Found a snail-covered altar of Cheibriados.
 15402 | Lair:3   | Found a staircase to the Snake Pit.
 15453 | Lair:3   | Reached skill level 5 in Translocations
 15477 | Lair:3   | Noticed a seven-headed hydra
 15644 | Lair:3   | Reached ****** piety under Cheibriados
 15645 | Lair:3   | Reached XP level 13. HP: 137/141 MP: 17/17
 17189 | D:12     | Found a stormy altar of Qazlal.
 17262 | D:12     | Found Zahin's Jewellery Shop.
 17336 | D:12     | Bought an amulet of reflection for 540 gold pieces
 18074 | D:13     | Reached XP level 14. HP: 133/150 MP: 18/18
 18650 | D:13     | Found a gate to the Vaults.
 18669 | D:13     | Reached skill level 10 in Armour
 18942 | D:13     | Learned a level 3 spell: Lesser Beckoning
 19267 | D:14     | Found a gate leading to a gauntlet.
 19278 | Gauntlet | Entered a Gauntlet
 19278 | Gauntlet | Found a transporter.
 19278 | Gauntlet | Found a transporter.
 19278 | Gauntlet | Found a transporter.
 19374 | Gauntlet | Found a transporter.
 19374 | Gauntlet | Found a transporter.
 19374 | Gauntlet | Found a transporter.
 19386 | Gauntlet | Found a transporter.
 19388 | Gauntlet | Found a transporter.
 19398 | Gauntlet | Found a transporter.
 19498 | Gauntlet | Found a transporter.
 19502 | Gauntlet | Found a transporter.
 19512 | Gauntlet | Found a transporter.
 19754 | Gauntlet | Identified the +1 leather armour "Uwyivif" {rN++ SInv}
 19853 | Gauntlet | Identified the +2 cloak "Vexaq" {Regen+}
 19997 | Gauntlet | Found the +5 demon whip "Spellbinder" {antimagic, Will+}
 19997 | Gauntlet | Identified the +5 flail of Malaise {venom, rC+ Will+ SInv
                  | Stlth+}
 20012 | Gauntlet | HP: 3/150 [minotaur (25)]
 20012 | Gauntlet | HP: 1/150 [minotaur (2)]
 20015 | Gauntlet | Reached skill level 10 in Translocations
 20623 | D:14     | Identified the +1 plate armour of the Desolation of Salt
                  | {rCorr Dex+3}
 20891 | D:15     | Entered Level 15 of the Dungeon
 20967 | D:15     | Found a portal to a secret trove of treasure.
 21374 | D:15     | Reached XP level 15. HP: 149/158 MP: 19/19
 21465 | D:15     | Found a staircase to the Depths.
 21769 | D:15     | Found a glowing golden altar of the Shining One.
 22919 | Lair:3   | Found an ornate altar of the Wu Jian Council.
 23047 | Lair:3   | Reached skill level 5 in Spellcasting
 24069 | Lair:4   | Found a staircase to the Swamp.
 24468 | Lair:4   | Reached skill level 13 in Fighting
 25006 | Lair:5   | Noticed Rupert
 25017 | Lair:5   | Killed Rupert
 25315 | Lair:5   | Found a staircase to the Slime Pits.
 25968 | Lair:5   | Found the +8 whip "Snakebite" {venom, curare, rPois}
 26167 | Lair:6   | Entered Level 6 of the Lair of Beasts
 26167 | Lair:6   | Noticed Nessos
 26171 | Lair:6   | Killed Nessos
 26318 | Lair:6   | Reached XP level 16. HP: 167/171 MP: 1/29
 26666 | Lair:6   | Reached skill level 14 in Fighting
 26904 | Lair:6   | Reached skill level 10 in Spellcasting
 27644 | Lair:6   | Found a runed translucent door.
 28966 | Orc:1    | Entered Level 1 of the Orcish Mines
 29021 | Orc:1    | Found a frozen archway.
 29055 | Orc:1    | Reached skill level 5 in Maces & Flails
 29062 | IceCv    | Entered an ice cave
 29751 | Orc:1    | Found a bloodstained altar of Trog.
 29751 | Orc:1    | Found the necklace of Bloodlust {*Rage +Rage Will++ Int-3
                  | Slay+6}
 29780 | Orc:2    | Entered Level 2 of the Orcish Mines
 30019 | Orc:2    | Reached skill level 15 in Fighting
 30217 | Orc:2    | Noticed Saint Roka
 30437 | Orc:2    | Killed Saint Roka
 30677 | Orc:2    | Found Fetecymu's Antique Weapon Emporium.
 30683 | Orc:2    | Found Luzatipp's General Store.
 30764 | Orc:2    | Found Mitodame's Antique Armour Emporium.
 30820 | Orc:2    | Found a staircase to the Elven Halls.
 31093 | Orc:2    | Found Nublana's Jewellery Emporium.
 31305 | Snake:1  | Entered Level 1 of the Snake Pit
 31396 | Snake:1  | HP: 8/176 [shock serpent/bolt of electricity (30)]
 31508 | Snake:1  | Noticed a nagaraja
 31509 | Snake:1  | Noticed Agnes
 31517 | Snake:1  | Killed a nagaraja
 31522 | Snake:1  | Killed Agnes
 31523 | Snake:1  | Reached XP level 17. HP: 123/184 MP: 8/32
 31651 | Snake:1  | Reached skill level 1 in Invocations
 31985 | Snake:1  | Found Rulis's General Store.
 33023 | Snake:2  | Reached skill level 5 in Invocations
 34025 | Orc:1    | Found a transporter.
 34038 | Orc:1    | Found a transporter.
 34038 | Orc:1    | Found a runed translucent door.
 34314 | Elf:1    | Entered Level 1 of the Elven Halls
 34913 | Elf:1    | Reached skill level 10 in Maces & Flails
 35135 | Elf:1    | Reached XP level 18. HP: 190/193 MP: 11/33
 35465 | Elf:1    | Found a runed translucent gate.
 35465 | Elf:1    | Found a runed translucent gate.
 35465 | Elf:1    | Found a runed translucent gate.
 35465 | Elf:1    | Found a runed translucent gate.
 35465 | Elf:1    | Found a runed translucent gate.
 35465 | Elf:1    | Found a runed translucent gate.
 35820 | Elf:1    | Noticed an Ice Fiend
 35842 | Elf:1    | Noticed an Ice Fiend
 37149 | Elf:2    | Found a runed translucent gate.
 37149 | Elf:2    | Found a runed translucent gate.
 37150 | Elf:2    | Found a runed translucent gate.
 37202 | Elf:2    | Paralysed by an air elemental for 1 turns
 37212 | Elf:2    | Paralysed by an air elemental for 1 turns
 37378 | Elf:2    | Noticed Azrael
 37420 | Elf:2    | Killed Azrael
 37453 | Elf:3    | Entered Level 3 of the Elven Halls
 37604 | Elf:2    | Identified the +1 hunting sling of Xuan {vorpal, Fragile
                  | rF+++ rCorr}
 38213 | Elf:3    | Noticed a deep elf blademaster
 38219 | Elf:3    | Noticed a deep elf master archer
 38227 | Elf:3    | Reached XP level 19. HP: 144/191 MP: 2/34
 38228 | Elf:3    | Noticed an Ice Fiend
 38249 | Elf:3    | Reached skill level 1 in Necromancy
 38352 | Elf:3    | Paralysed by an air elemental for 1 turns
 38513 | Elf:3    | Noticed Eciono's ghost (adept GnDe)
 38514 | Elf:3    | Found a runed translucent door.
 38550 | Elf:3    | Identified the +6 trident "Mayqenoech" {speed, +Blink
                  | Dex+4}
 38555 | Elf:3    | Identified the +1 morningstar of Harmony {flame, Int+2}
 38564 | Elf:3    | Noticed an Ice Fiend
 38567 | Elf:3    | Identified the +7 rapier "Ezo Penn" {antimagic, rF+ rN+
                  | SInv}
 38824 | Elf:3    | Noticed a Brimstone Fiend
 39061 | Elf:3    | Identified the amulet of Tyqarya {Reflect rElec rF+ Dex+2
                  | SH+5 Stlth+}
 39067 | Elf:3    | Noticed a Hell Sentinel
 39306 | Orc:2    | Bought the +7 sceptre of Torment {pain, torment} for 3480
                  | gold pieces
 39306 | Orc:2    | Found the +7 sceptre of Torment {pain, torment}
 39608 | Snake:3  | Noticed Kirke
 39616 | Snake:3  | Killed Kirke
 39643 | Snake:3  | Reached skill level 5 in Necromancy
 39915 | Snake:3  | Learned a level 4 spell: Passage of Golubria
 40314 | Snake:4  | Entered Level 4 of the Snake Pit
 41606 | Snake:4  | Reached XP level 20. HP: 190/211 MP: 26/35
 41696 | Snake:4  | Got a serpentine rune of Zot
 42411 | Swamp:1  | Entered Level 1 of the Swamp
 42415 | Swamp:1  | Acquired the ring of New Discoveries {*Slow rC++ rN+ Str+3
                  | SInv}
 43212 | Swamp:2  | Noticed RandomusNamus's ghost (adept DrBe)
 43262 | Swamp:2  | Reached skill level 16 in Fighting
 43265 | Swamp:2  | Found a transporter.
 43580 | Swamp:2  | Found a transporter.
 44224 | Swamp:3  | Reached skill level 15 in Maces & Flails
 44911 | Swamp:3  | Paralysed by a fenstrider witch for 6 turns
 45416 | Swamp:4  | Entered Level 4 of the Swamp
 45700 | Swamp:4  | Reached skill level 17 in Fighting
 45905 | Swamp:4  | Got a decaying rune of Zot
 45943 | Swamp:4  | Noticed Phlounder's ghost (adept DsVM)
 46004 | Swamp:4  | Reached XP level 21. HP: 170/227 MP: 26/37
 46047 | Swamp:4  | Found a transporter.
 46080 | Swamp:4  | Found a transporter.
 46126 | Swamp:4  | Reached skill level 1 in Summonings
 46135 | Swamp:4  | Killed Phlounder's ghost
 46665 | Vaults:1 | Entered Level 1 of the Vaults
 46665 | Vaults:1 | Found a crumbling gateway.
 46672 | Desolati | Entered the Desolation of Salt
 46701 | Desolati | Learned a level 7 spell: Malign Gateway
 46863 | Desolati | Reached skill level 18 in Fighting
 47217 | Desolati | Identified the ring of Biuwin {rPois rF+++ Int-2 Dex+6
                  | SInv}
 47248 | Desolati | HP: 5/231 [ironbound convoker (31)]
 47256 | Desolati | Reached skill level 5 in Summonings
 47349 | Desolati | Identified the +1 cloak of Least Resistance {Dex+4}
 47365 | Desolati | Identified the ring of Zodun {rC+ Str+6 SInv}
 47590 | Vaults:1 | You fall into a shaft and drop 1 floor!
 47654 | Vaults:2 | Reached skill level 19 in Fighting
 48538 | Vaults:2 | Reached XP level 22. HP: 244/244 MP: 38/38
 50456 | Vaults:3 | Reached skill level 10 in Summonings
 50810 | Vaults:3 | Found a staircase to the Crypt.
 51125 | Vaults:3 | Found Jiabijyu's Antique Armour Shoppe.
 51133 | Vaults:3 | Bought a shiny tower shield for 292 gold pieces
 51216 | Vaults:3 | Reached XP level 23. HP: 250/254 MP: 39/39
 52126 | Vaults:4 | Reached skill level 10 in Shields
 53816 | Vaults:5 | Entered Level 5 of the Vaults
 53824 | Vaults:5 | Reached skill level 10 in Invocations
 53971 | Vaults:5 | Reached skill level 15 in Axes
 54180 | Vaults:5 | Noticed a golden dragon
 54191 | Vaults:4 | Killed a golden dragon
 54363 | Vaults:5 | Killed from afar by a tengu reaver

Illustrated notes

Levels and vault maps discovered:
D:1:      lemuel_arrival_cross, layout_loops_corners,
          hellmonk_ecumenical_altar_arch_garden, st_stairs_11,
          minmay_pentomino_r4
D:2:      layout_rooms, corexii_leaking_fountain, grunt_ministairs_15
D:3:      layout_rooms, serial_shops, shop, uniq_grinder
D:4:      layout_cave_pools, lemuel_crystal_altar,
          lemuel_coloured_pillars_altar, minmay_temple_entry_nine_rooms,
          uniq_eustachio
D:5:      lemuel_castle_with_subvaults [lemuel_castle_interior_carwin_2],
          layout_rooms
D:6:      layout_cave_pods, mainiacjoe_overflow_large_starburst
D:7:      layout_cave_pools, nzn_wu_jian_council_hall, serial_glass,
          glass_columns_c, glass_columns_a, serial_shops,
          nicolae_shop_waterfront
D:8:      layout_basic, nemelex_diamond_rough_becter, mainiacjoe_overflow_swirl
D:9:      gammafunk_wand_slinger, layout_irregular_city, uniq_maggie
D:10:     layout_loops_corners, mainiacjoe_overflow_24_doors,
          erik_lair_orcish_takeover, david_orc_2, serial_shops, shop,
          kennysheep_generic_room_16
D:11:     minmay_the_grid_octo_triangle [minmay_the_grid_octo_fat_diamond,
          minmay_the_grid_octo_prize_big_c, minmay_the_grid_octo_concentric],
          layout_small_grid, nrook_mini_vaults
D:12:     layout_rooms, serial_shops, nicolae_shop_trees,
          nicolae_qazlal_general_emergency
D:13:     layout_cave_pools, erik_vaults_2, special_room [special_room_bee],
          grunt_ministairs_9
D:14:     minmay_ambush_box, layout_cave_pools, gauntlet_entry_generic,
          nicolae_water_bricks
D:15:     grunt_enter_depths_hoard, layout_loops_ring, tso_altar, enter_trove_5,
          minivault_16
Temple:   oiseaux_autumnal_temple
Lair:1:   layout_cave_pods
Lair:2:   layout_regular_city, kennysheep_snail_temple,
          minmay_lair_oklob_chamber, infiniplex_staircase_pool_2,
          grunt_megastairs_3
Lair:3:   layout_loops_ring, guppyfry_snake_entry_island, basic_altar,
          beast_lair_carwin_4
Lair:4:   layout_gridlike, minmay_swamp_entry_worms, nzn_sisyphean_effort,
          serial_bayou_shore_a
Lair:5:   minmay_guarded_unrand_snakebite, layout_regular_city,
          minmay_slime_entry_pillars, grunt_megastairs_1, uniq_rupert
Lair:6:   guppyfry_lair_end_dragon, layout_gridlike, wormcave, serial_rivers,
          chequers_serial_rivers_micro_d, chequers_serial_rivers_micro_e,
          chequers_serial_rivers_marsh, chequers_serial_rivers_large_a,
          chequers_serial_rivers_micro_e, chequers_serial_rivers_marsh,
          minmay_stone_trees_medium, uniq_nessos
Swamp:1:  layout_falls_marsh, hangedman_swamp_diagram, swamp_pool1,
          infiniplex_staircase_pool
Swamp:2:  cheibrodos_swamp_heart_of_darkness, layout_falls_marsh,
          gammafunk_ghost_abyssal_escape, evilmike_swamp_ruin_house_1,
          swamp_pool5, nicolae_swamp_stuck_in_the_mud
Swamp:3:  nzn_winding_woodlands_three_and_one
          [nzn_winding_woodlands_5x15_garden, nzn_winding_woodlands_5x15_zeroes,
          nzn_winding_woodlands_5x15_pockets,
          nzn_winding_woodlands_center_pierced_h], layout_basic_swamp,
          nicolae_swamp_small_spring, swamp_pool5, nicolae_swamp_well_well_well
Swamp:4:  swamp_fiery, layout_basic_swamp, gammafunk_ghost_arena
Snake:1:  layout_onion_interference, serial_shops, shop, uniq_agnes
Snake:2:  layout_gridlike, drop_trap, grunt_megastairs_5
Snake:3:  layout_rooms, uniq_kirke
Snake:4:  johnstein_snake_rune_scales, layout_chambers, special_room,
          grunt_ministairs_15, serial_bayou_pond_e
Orc:1:    emtedronai_trogs_sanctum, layout_diamond_mine,
          portal_ice_cave_entry_imps
Orc:2:    grunt_orc_cross, layout_caves
Elf:1:    nicolae_elf_arrival_fired_up, layout_loops_corners,
          hangedman_elven_crosses_minicolossus, orc_legates
Elf:2:    elven_hall_of_blades_hangedman_original [nicolae_blade_tridents],
          layout_geoelf_octagon, uniq_azrael
Elf:3:    grunt_elf_hall_branching, layout_gridlike, ebering_ghost_inner_flame,
          serial_shops, nicolae_shop_statue_plus, nicolae_elf_variegated_diamond
Vaults:1: nicolae_vaults_network_quincunx
          [nicolae_vaults_network_quincunx_subvault,
          nicolae_vaults_network_quincunx_subvault,
          nicolae_vaults_network_quincunx_subvault,
          nicolae_vaults_network_quincunx_subvault,
          nicolae_vaults_network_quincunx_subvault], grunt_vaults_diagonal,
          v_rooms_3, v_alt_pattern_1, hangedman_vaults_stretched_pinwheel,
          hangedman_vaults_pinch, nicolae_vaults_network_quinsquares
          [nicolae_vaults_network_quincunx_subvault,
          nicolae_vaults_network_quincunx_subvault,
          nicolae_vaults_network_quincunx_subvault,
          nicolae_vaults_network_quincunx_subvault], vaults_room_fancy_cross,
          vaults_mumra_hex, v_rooms_5, layout_vaults_omnibox,
          portal_desolation_entry_nicolae_slug
Vaults:2: ontoclasm_vaults_hangar, vaults_room_pools, v_misc_26, v_misc_2,
          v_misc_15, ontoclasm_vaults_twist, layout_vaults_quadrants
Vaults:3: vaults_room_pool, nicolae_vaults_mini_display_case, v_misc_13,
          v_misc_5, st_check, vaults_room_fours, v_pattern_1, vaults_dpeg_ring,
          minmay_crypt_entry_simple_sparse, nicolae_vaults_rhombus_6, v_misc_8,
          vaults_room_fancy_cross, nicolae_vaults_big_angled_halls,
          nicolae_vaults_border_crossing, vaults_room_fours,
          ontoclasm_vaults_pinch, layout_vaults_omnicross, serial_shops, shop
Vaults:4: nicolae_vaults_shelves_hall, nicolae_vaults_little_squares_3,
          vaults_standard_mumra_enter_the_diamond, hangedman_vaults_locks,
          ontoclasm_vaults_ligature, nicolae_vaults_three_branches,
          nicolae_vaults_little_squares_6, nicolae_vaults_little_squares_6,
          ontoclasm_vaults_chip, nicolae_vaults_little_squares_2,
          layout_vaults_chaotic_city
Vaults:5: serial_shops, uniq_margery

Skill      XL: |  1  2  3  4  5  6  7  8  9 10 11 12 13 14 15 16 17 18 19 20 21 22 23 |
---------------+----------------------------------------------------------------------+-----
Fighting       | 3 5 7 8 10 11 12 13 15 17 19 | 19.7
Maces & Flails | 2 3 5 10 12 14 15 | 15.6
Translocations | 3 5 8 10 11 13 | 13.8
Axes           | 2 3 4 5 7 9 10 12 13 14 15 | 15.0
Shields        | 2 4 5 6 8 9 11 | 11.4
Dodging        | 4 |  4.3
Armour         | 2 5 7 9 11 12 13 | 13.8
Spellcasting   | 9 11 12 | 12.1
Invocations    | 5 6 10 | 10.7
Necromancy     | 6 7 |  7.2
Summonings     | 7 11 | 11.0
Throwing       | |  1.6

Action                   |  1- 3 |  4- 6 |  7- 9 | 10-12 | 13-15 | 16-18 | 19-21 | 22-24 || total
-------------------------+-------+-------+-------+-------+-------+-------+-------+-------++-------
Melee: Mace              |    89 |       |     1 |       |       |       |       |       ||    90
       Broad axe         |       |    47 |   240 |   379 |   767 |   453 |   583 |   531 ||  3000
       Demon whip        |       |       |       |       |    38 |   709 |   479 |   118 ||  1344
       Whip              |       |       |       |       |    25 |   501 |       |       ||   526
       Eveningstar       |       |       |       |       |       |       |   427 |   155 ||   582
 Fire: Hunting sling     |    59 |    24 |     2 |       |       |       |       |       ||    85
Throw: Stone             |    49 |     5 |    26 |       |     2 |       |       |       ||    82
       Boomerang         |     5 |       |       |       |       |       |     1 |       ||     6
 Cast: Teleport Other    |       |     4 |     5 |    10 |     8 |       |       |       ||    27
       Lesser Beckoning  |       |       |       |       |     3 |     4 |    16 |     2 ||    25
       Manifold Assault  |       |       |       |       |    45 |   173 |    94 |    65 ||   377
       Passage of Golubr |       |       |       |       |       |       |     2 |       ||     2
Invok: Slouch            |       |       |       |       |       |     3 |    11 |       ||    14
       Step From Time    |       |       |       |       |       |       |     1 |     1 ||     2
       Bend Time         |       |       |       |       |       |       |     1 |       ||     1
Evoke: Wand              |       |       |       |     4 |     1 |     1 |       |       ||     6
  Use: Scroll            |     1 |     3 |     7 |    10 |    14 |    13 |    23 |     6 ||    77
       Potion            |       |       |     2 |     4 |     1 |     6 |     9 |     1 ||    23
 Stab: Distracted        |       |       |       |       |       |     1 |     2 |       ||     3
       Invisible         |       |       |       |       |       |    10 |       |       ||    10
       Confused          |       |       |       |       |       |       |     2 |       ||     2
Armor: Robe              |    54 |    32 |    50 |       |       |       |       |       ||   136
       Steam dragon scal |       |       |       |    81 |       |       |       |       ||    81
       Gold dragon scale |       |       |       |    73 |   414 |   466 |   621 |   341 ||  1915
Dodge: Dodged            |    53 |    20 |   114 |   163 |   276 |   342 |   434 |   143 ||  1545
Block: Kite shield       |       |       |   120 |   297 |   723 |  1025 |  1194 |   392 ||  3751
       Reflection        |       |       |       |       |    33 |    87 |    75 |    49 ||   244
       Tower shield      |       |       |       |       |       |       |       |   365 ||   365

Table legend: (Time is in decaauts)
 A = Elapsed time spent in this place.
 B = Non-inter-level travel time spent in this place.
 C = Inter-level travel time spent in this place.
 D = Time resting spent in this place.
 E = Time spent auto-exploring this place.
 F = Levels seen in this place.
 G = Mean time per level.
                   A        B        C        D        E       F      G
               +--------+--------+--------+--------+--------+-----+--------+
         Total |  76410 |  71266 |   5144 |   7251 |  51261 |  43 | 1777.0 |
       Dungeon |  24314 |  22666 |   1648 |   3234 |  15670 |  15 | 1620.9 |
        Temple |    127 |     81 |     46 |      0 |     64 |   1 |  127.0 |
          Lair |  15376 |  13951 |   1425 |   1357 |  10657 |   6 | 2562.7 |
         Swamp |   6127 |   5855 |    272 |    344 |   4339 |   4 | 1531.8 |
     Snake Pit |   7068 |   6685 |    383 |    101 |   5596 |   4 | 1767.0 |
  Orcish Mines |   3776 |   3111 |    665 |    244 |   2013 |   2 | 1888.0 |
   Elven Halls |   6688 |   6235 |    453 |    657 |   4255 |   3 | 2229.3 |
        Vaults |  10374 |  10124 |    250 |    857 |   7726 |   5 | 2074.8 |
      Ice Cave |    615 |    615 |      0 |     82 |    231 |   1 |  615.0 |
    Desolation |    768 |    768 |      0 |     90 |    180 |   1 |  768.0 |
      Gauntlet |   1172 |   1172 |      0 |    284 |    528 |   1 | 1172.0 |
               +--------+--------+--------+--------+--------+-----+--------+

Top non-repeatable levels by time:
  Lair:1: 3198 daAuts
   Elf:1: 3105 daAuts
  Lair:6: 3077 daAuts
Vaults:4: 3053 daAuts
    D:10: 2785 daAuts
Vaults:3: 2740 daAuts
 Snake:4: 2599 daAuts
  Lair:5: 2562 daAuts
   Elf:2: 2507 daAuts
   Orc:2: 2402 daAuts
  Lair:2: 2358 daAuts
    D:13: 2311 daAuts
Vaults:1: 2288 daAuts
    D:11: 2279 daAuts
  Lair:4: 2246 daAuts
